 Dungeon Crawl Stone Soup version 0.24.0-123-gd5b16e6ec5 (webtiles) character file.

Game seed: 3469550516374754545, levelgen mode: deterministic

387 AuftragZ the Conjurer (level 6, 0/32 HPs)
             Began as a Deep Elf Conjurer on Jan 21, 2020.
             Slain by a tengu (1 damage)
             ... on level 5 of the Dungeon on Jan 23, 2020.
             The game lasted 00:23:06 (4807 turns).

AuftragZ the Conjurer (Deep Elf Conjurer)           Turns: 4807, Time: 00:23:07

Health: 0/32       AC:  2    Str:  5    XL:     6   Next: 49%
Magic:  0/17       EV: 13    Int: 22    God:
Gold:   185        SH:  0    Dex: 15    Spells: 7/18 levels left

rFire    + . .     SeeInvis .   b - +0 whip
rCold    x . .     Gourm    .   (no shield)
rNeg     . . .     Faith    .   a - +0 robe
rPois    .         Spirit   .   (no helmet)
rElec    .         Reflect  .   (no cloak)
rCorr    .         Harm     .   (no gloves)
MR       +....                  (no boots)
Stlth    ++........             (no amulet)
HPRegen  0.10/turn              e - ring of protection from magic
MPRegen  0.15/turn              g - ring of fire

@: very slightly contaminated
A: no striking features
a: no special abilities


You were on level 5 of the Dungeon.
You were hungry.

You visited 1 branch of the dungeon, and saw 5 of its levels.

You collected 185 gold pieces.

Inventory:

Hand Weapons
 b - a +0 whip (weapon)
Armour
 a - a +0 robe (worn)
Jewellery
 e - a ring of protection from magic (left hand)
 g - a ring of fire (right hand)
 h - an uncursed ring of ice
Wands
 f - a wand of polymorph (10)
Scrolls
 d - a scroll of fear
 i - 2 scrolls of magic mapping
 l - a scroll of remove curse
 r - a scroll of random uselessness {unknown}
Potions
 k - 3 potions of resistance
 n - a potion of agility
Comestibles
 c - 10 rations


   Skills:
 - Level 0.1 Fighting
 - Level 2.4 Dodging
 - Level 2.4 Stealth
 * Level 6.5 Spellcasting
 + Level 7.0 Conjurations


You had 7 spell levels left.
You knew the following spells:

 Your Spells              Type           Power        Failure   Level  Hunger
a - Magic Dart            Conj           ####         1%          1    None
b - Searing Ray           Conj           #####.       1%          2    None
c - Iskenderun's Mystic   Conj           #####...     4%          4    ###....
d - Fulminant Prism       Conj/Hex       ###.......   21%         4    ###....

Your spell library contained the following spells:

 Spells                   Type           Power        Failure   Level  Hunger
 Dazzling Spray           Conj/Hex       ###...       6%          3    #......
 Force Lance              Conj/Tloc      ###.....     21%         4    ###....


Dungeon Overview and Level Annotations

Branches:
Dungeon (5/15)
 Temple: D:4-7

Altars:
Ashenzari
Wu Jian


Message History

The ice beast hits you but does no damage.
Aiming: Polymorph
Press: ? - help, Shift-Dir - straight line, f/p - ice beast
Aim: an ice beast (moderately wounded, chance to defeat MR: 46%)
The ice beast evaporates and reforms as a tengu!
Casting: Magic Dart (safe; 1% risk of failure)
Confirm with . or Enter, or press ? or * to list all spells.
Aiming: Searing Ray (safe; 1% risk of failure)
Press: ? - help, Shift-Dir - straight line, f/p - tengu
Aim: a tengu The searing ray hits the tengu.
The tengu is moderately wounded. (Press . to maintain the ray.)
The tengu closely misses you. The tengu pecks you but does no damage.
The tengu closely misses you.
You closely miss the tengu.
The tengu is moderately wounded.
The tengu barely misses you. The tengu pecks you but does no damage.
The tengu claws you.
You die...

# # .#. #.# #
#.# .<. #.#
#.[#####.#
#...Q@...#
(.)().####.#
#(....####.###
.#...........#
#.#...####.#.#
. #.#.# #.#.#
#...# #....


You could see a tengu.

Vanquished Creatures
  An ogre (D:4)
  2 hounds (D:4)
  An orc wizard (D:5)
  A centaur skeleton (D:4)
  2 worker ants (D:4)
  A hound zombie (D:4)
  2 adders (D:3)
  3 gnolls (D:4)
  A shadow imp (D:5)
  An ooze (D:3)
  2 worms (D:2)
  A dart slug (D:1)
  3 leopard geckos
  8 orcs
  5 bats
  4 giant cockroaches
  4 goblins
  2 hobgoblins (D:1)
  7 kobolds
  A quokka (D:4)
  2 ball pythons
  3 frilled lizards
  8 rats
65 creatures vanquished.

Notes
Turn   | Place    | Note
-------+----------+-------------------------------------------
     0 | D:1      | AuftragZ the Deep Elf Conjurer began the quest for the Orb.
     0 | D:1      | Reached XP level 1. HP: 10/10 MP: 6/6
   172 | D:1      | Reached XP level 2. HP: 15/15 MP: 4/8
   176 | D:1      | Learned a level 2 spell: Searing Ray
   386 | D:1      | Reached skill level 5 in Conjurations
  1989 | D:2      | Reached XP level 3. HP: 19/19 MP: 6/9
  3180 | D:3      | Reached XP level 4. HP: 24/24 MP: 5/11
  3226 | D:3      | Learned a level 4 spell: Iskenderun's Mystic Blast
  3687 | D:4      | Noticed an ogre
  3691 | D:4      | Killed an ogre
  3691 | D:4      | Reached skill level 6 in Conjurations
  3691 | D:4      | Reached XP level 5. HP: 28/28 MP: 4/14
  3772 | D:4      | Learned a level 4 spell: Fulminant Prism
  3860 | D:4      | Reached skill level 5 in Spellcasting
  4193 | D:4      | Reached XP level 6. HP: 32/32 MP: 10/16
  4449 | D:4      | Found a shattered altar of Ashenzari.
  4556 | D:4      | Found an ornate altar of the Wu Jian Council.
  4695 | D:5      | Entered Level 5 of the Dungeon
  4792 | D:5      | Reached skill level 7 in Conjurations
  4795 | D:5      | Noticed an ice beast
  4803 | D:5      | HP: 1/32 [ice beast (9)]
  4805 | D:5      | an ice beast changed into a tengu
  4807 | D:5      | Slain by a tengu

Levels and vault maps discovered:
D:1:      elethiomel_arrival_infinity_welcomes_careful_drivers, layout_basic
D:2:      layout_loops_corners
D:3:      layout_loops_cross, first_ration
D:4:      layout_basic, nicolae_overflow_crystal_walls,
          cheibrodos_ashenzari_chains
D:5:      layout_loops_ring, minmay_temple_entry_grid

Skill      XL: |  1  2  3  4  5  6 |
---------------+-------------------+-----
Conjurations   | 5 6 7 |  7.0
Spellcasting   | 4 5 6 |  6.5
Fighting       | |  0.1
Dodging        | |  2.4
Stealth        | |  2.4

Action                   |  1- 3 |  4- 6 || total
-------------------------+-------+-------++-------
Melee: Whip              |       |     1 ||     1
Throw: Dart              |     1 |     6 ||     7
 Cast: Magic Dart        |    61 |    38 ||    99
       Searing Ray       |    15 |    16 ||    31
       Iskenderun's Myst |       |     7 ||     7
Evoke: Wand              |       |     2 ||     2
  Use: Scroll            |     5 |       ||     5
       Potion            |     7 |     5 ||    12
  Eat: Chunk             |     3 |     6 ||     9
       Ration            |     1 |       ||     1
Armor: Robe              |     3 |     6 ||     9
Dodge: Dodged            |    15 |    14 ||    29
